 Dungeon Crawl Stone Soup version 0.29.1-1-gd02db6906a (webtiles) character file.

Game seed: 14065959829051988852

46 Romesagentofchaos the Sneak (level 3, -3/18 HPs)
             Began as a Spriggan Brigand on Oct 22, 2022.
             Slain by a gnoll
             ... wielding a +0 spear
              (6 damage)
             ... on level 2 of the Dungeon.
             The game lasted 00:02:19 (115 turns).

Romesagentofchaos the Sneak (Spriggan Brigand)       Turns: 115, Time: 00:02:20

Health: -3/18      AC:  3    Str:  7    XL:     3   Next: 46%
Magic:  4/4        EV: 17    Int: 12    God:
Gold:   17         SH:  0    Dex: 18    Spells: 2/2 levels left

rFire   . . .      SeeInvis +   a - +2 dagger
rCold   . . .      Faith    .   (no shield)
rNeg    . . .      Spirit   .   b - +0 robe
rPois   .          Reflect  .   (helmet restricted)
rElec   .          Harm     .   c - +0 cloak
rCorr   .          Rampage  .   (gloves unavailable)
Will    .....                   (boots unavailable)
Stlth   ++++......              (no amulet)
HPRegen 0.06/turn               (no ring)
MPRegen 0.09/turn               (no ring)

@: very quick
A: very small, no large weapons, unfitting armour, see invisible, speed 3
a: no special abilities


You were on level 2 of the Dungeon.
You visited 1 branch of the dungeon, and saw 2 of its levels.

You collected 17 gold pieces.

Inventory:

Hand Weapons
 a - a +2 dagger (weapon)
Missiles
 d - a poisoned dart (quivered)
Armour
 b - a +0 robe (worn)
 c - a +0 cloak (worn)
Scrolls
 h - a scroll of butterflies


   Skills:
 + Level 1.7 Fighting
 + Level 2.4 Short Blades
 + Level 2.2 Throwing
 + Level 1.8 Dodging
 + Level 7.2 Stealth


You had 2 spell levels left.
You didn't know any spells.
Your spell library was empty.

Dungeon Overview and Level Annotations

Branches:
Dungeon (2/15)

Altars:


Innate Abilities, Weirdness & Mutations

You are very small and have problems with some larger weapons.
You are too small for most types of armour.
You have supernaturally acute eyesight. (SInv)
You cover ground extremely quickly. (Speed+++)


Message History

You kill the worm!
Throw: 2 darts (poison)
Press: ? - help, Q - select action, (/) - cycle Shift-Dir - straight line, f - gnoll
Aim: a gnoll, wielding a +0 halberd (65% to hit)
You throw a poisoned dart.
The poisoned dart barely misses the gnoll.
Throw: dart (poison)
Press: ? - help, Q - select action, (/) - cycle Shift-Dir - straight line, f/p - gnoll
Aim: a gnoll, wielding a +0 halberd (65% to hit)
You throw a poisoned dart.
The poisoned dart barely misses the gnoll.
Throw: 3 darts (curare)
Press: ? - help, Q - select action Shift-Dir - straight line, f/p - gnoll
Aim: a gnoll, wielding a +0 halberd (65% to hit)
You throw a curare-tipped dart.
The curare-tipped dart closely misses the gnoll.
Throw: 2 darts (curare)
Press: ? - help, Q - select action Shift-Dir - straight line, f/p - gnoll
Aim: a gnoll, wielding a +0 halberd (65% to hit)
You throw a curare-tipped dart. The curare-tipped dart hits the gnoll.
The gnoll is poisoned.
The gnoll convulses.
The gnoll seems to slow down.
The gnoll is severely wounded.
Throw: dart (curare)
Press: ? - help, Q - select action Shift-Dir - straight line, f/p - gnoll
Aim: a gnoll, wielding a +0 halberd (almost dead, very poisoned, slow, 65% to hit)
You throw a curare-tipped dart. The curare-tipped dart hits the gnoll.
The gnoll looks as sick as possible!
The gnoll convulses.
You kill the gnoll!
You see here 2 poisoned darts.
d - 2 poisoned darts Throw: 2 darts (poison)
Press: ? - help, Q - select action Shift-Dir - straight line, f - gnoll
Aim: a gnoll, wielding a +0 spear (65% to hit)
You throw a poisoned dart. The poisoned dart hits the gnoll.
The gnoll is poisoned.
The gnoll closely misses you. The gnoll hits you with a +0 spear.
You die...

## ####.# ..# ..#.# #.#
#.#.# #.# #.#.# #.# #.#.#
###.## #@#.#########.....
## #g#.##.(.g..†..... ..
#.(.(...........#)
#.##..)...#####..###.
#.#..............g...
.>####)#........####......
......†......#..# #....g.
..####.##.............###.
......#.##..#####.# #.


You could see a gnoll (poisoned).

Vanquished Creatures
  2 gnolls (D:2)
  2 adders (D:2)
  A worm (D:2)
  A dart slug (D:2)
  A frilled lizard (D:2)
  A kobold (D:2)
8 creatures vanquished.

Notes
Turn   | Place    | Note
-------+----------+-------------------------------------------
     0 | D:1      | Romesagentofchaos the Spriggan Brigand began the quest for
                  | the Orb.
     0 | D:1      | Reached XP level 1. HP: 10/10 MP: 2/2
    26 | D:1      | You fall into a shaft and drop 1 floor!
    36 | D:2      | Reached skill level 6 in Stealth
    36 | D:2      | Reached XP level 2. HP: 14/14 MP: 3/3
    87 | D:2      | Reached skill level 7 in Stealth
    87 | D:2      | Reached XP level 3. HP: 2/18 MP: 4/4
   115 | D:2      | Slain by a gnoll

Illustrated notes

Levels and vault maps discovered:
D:1:      dpeg_arrival_more_subterranean_lakeside_camping, layout_rooms,
          minmay_tetromino_i4
D:2:      layout_loops_ring

Skill      XL: |  1  2 |
---------------+-------+-----
Stealth        | 6 7 |  7.2
Fighting       | |  1.7
Short Blades   | |  2.4
Throwing       | |  2.2
Dodging        | |  1.8

Action                   || total
-------------------------++-------
Melee: Dagger            ||    18
Throw: Dart              ||    17
  Use: Scroll            ||     2
 Stab: Sleeping          ||     1
Armor: Robe              ||     1
Dodge: Dodged            ||    11
